 Dungeon Crawl Stone Soup version 0.21-a0-401-g0b6bec4 (webtiles) character file.

288 graki42 the Purveyor of Pain (level 6, -3/32 HPs)
             Began as a Deep Elf Necromancer on Oct 25, 2017.
             Was an Initiate of Kikubaaqudgha.
             Slain by Duvessa
             ... wielding a +0 short sword
              (8 damage)
             ... on level 4 of the Dungeon.
             The game lasted 00:11:29 (3572 turns).

graki42 the Purveyor of Pain (Deep Elf Necromancer) Turns: 3572, Time: 00:11:30

Health: -3/32      AC:  3    Str:  7    XL:     6   Next: 9%
Magic:  1/17       EV: 13    Int: 20    God:    Kikubaaqudgha [......]
Gold:   137        SH:  5    Dex: 15    Spells: 2/18 levels left

rFire    . . .     SeeInvis .   (no weapon)
rCold    . . .     Gourm    .   (no shield)
rNeg     . . .     Faith    .   a - +0 robe
rPois    .         Spirit   .   (no helmet)
rElec    .         Reflect  +   q - +0 cloak
rCorr    .         Harm     .   (no gloves)
MR       .....                  (no boots)
Stlth    ++........             f - +5 amulet of reflection
HPRegen  1.10/turn              r - ring of flight
MPRegen  0.15/turn              (no ring)

@: regenerating
A: no striking features
a: Renounce Religion, Evoke Flight


You were on level 4 of the Dungeon.
You worshipped Kikubaaqudgha.
Kikubaaqudgha was noncommittal.
You were not hungry.

You visited 1 branch of the dungeon, and saw 4 of its levels.

You collected 137 gold pieces.

Inventory:

Armour
 a - a +0 robe (worn)
 q - a +0 cloak (worn)
Jewellery
 f - a +5 amulet of reflection (around neck)
 r - a ring of flight (left hand)
Wands
 o - a wand of random effects (27/48)
Scrolls
 g - 3 scrolls of teleportation
 i - 3 scrolls of remove curse
 n - a scroll of enchant armour {unknown}
 t - 4 scrolls of magic mapping {unknown}
 u - 3 scrolls of fog
 y - a scroll of amnesia {unknown}
 z - a scroll of blinking {unknown}
Potions
 d - a potion of brilliance
 e - 2 potions of mutation {unknown}
 j - a potion of might {unknown}
 l - a potion of lignification {unknown}
 m - a potion of flight {unknown}
 p - a potion of magic {unknown}
 s - 2 potions of curing {unknown}
 v - a potion of resistance {unknown}
 w - a potion of degeneration {unknown}
 B - a potion of cancellation {unknown}
 C - a potion of ambrosia {unknown}
Books
 b - a book of Necromancy

   Spells                             Type                      Level
   a - Pain                           Necromancy                   1
   b - Animate Skeleton               Necromancy                   1
   c - Vampiric Draining              Necromancy                   3
   d - Regeneration                   Charms/Necromancy            3
   e - Animate Dead                   Necromancy                   4
   f - Control Undead                 Necromancy                   4
 A - a book of Air

   Spells                             Type                      Level
   a - Shock                          Conjuration/Air              1
   b - Swiftness                      Charms/Air                   2
   c - Static Discharge               Conjuration/Air              3
   d - Airstrike                      Air                          4
   e - Lightning Bolt                 Conjuration/Air              5
Comestibles
 c - 4 bread rations
 h - 3 royal jellies
 k - a meat ration
 x - 3 chunks of flesh


   Skills:
 + Level 2.5 Dodging
 + Level 2.7 Stealth
 + Level 6.5 Spellcasting
 + Level 0.1 Charms
 + Level 6.8 Necromancy


You had 2 spell levels left.
You knew the following spells:

 Your Spells              Type           Power        Failure   Level  Hunger
a - Pain                  Necr           ####         1%          1    None
b - Animate Skeleton      Necr           N/A          1%          1    None
c - Vampiric Draining     Necr           ####......   1%          3    #......
d - Regeneration          Chrm/Necr      ###.......   7%          3    #......
e - Animate Dead          Necr           N/A          6%          4    ###....
f - Control Undead        Necr           ####......   6%          4    ###....


Dungeon Overview and Level Annotations

Branches:
Dungeon (4/15)
 Temple: D:4-7

Altars:
Kikubaaqudgha

Annotations:
D:1 1 runed door
D:4 Dowan, Duvessa


Message History

Duvessa struggles to resist.
Duvessa hits you with a short sword!
* * * LOW HITPOINT WARNING * * *
Casting: Pain
Confirm with . or Enter, or press ? or * to list all spells.
Aiming: Pain
Press: ? - help, Shift-Dir - straight line, f/p - Duvessa
Aim: Duvessa, wielding a short sword and wearing a glowing leather armour (almost dead, chance to defeat MR: 71%) Duvessa struggles to resist.
You block Duvessa's attack.
Casting: Pain
Confirm with . or Enter, or press ? or * to list all spells.
Your skin crawls.
You block Duvessa's attack.
Casting: Regeneration
Confirm with . or Enter, or press ? or * to list all spells.
Aiming: Vampiric Draining
Press: ? - help, Shift-Dir - straight line, f/p - Duvessa
Aim: Duvessa, wielding a short sword and wearing a glowing leather armour (almost dead) Duvessa is almost dead.
You feel life coursing into your body. Duvessa hits you with a short sword!
You die...
Kikubaaqudgha rasps: "You have failed me!
Welcome... death!"

.....< #..... #.....
..... .... #.. #.e#### ##
#.he@.# ... ##.##.#
....##.##.##..# #########
..............###.......#
........#.######.)....#.#
...####.#.# #..###.#.# #
#......# #......#.# ..
#.#....### #...#..#.#
#.#. #.##......#
#.........


You could see Duvessa, Dowan and a hound.

Vanquished Creatures
  A water moccasin (D:3)
  Terence (D:2)
  A worker ant (D:4)
  8 adders
  2 worms (D:2)
  3 leopard geckos
  4 bats
  A giant cockroach (D:1)
  8 hobgoblins
  6 jackals
  4 kobolds
  4 quokkas
  5 ball pythons
  4 frilled lizards
  4 goblins
  11 rats
67 creatures vanquished.

Notes
Turn   | Place    | Note
-------+----------+-------------------------------------------
     0 | D:1      | graki42 the Deep Elf Necromancer began the quest for the Orb.
     0 | D:1      | Reached XP level 1. HP: 10/10 MP: 6/6
     1 | D:1      | Found a runed door.
    49 | D:1      | Reached skill level 5 in Necromancy
   235 | D:1      | Reached XP level 2. HP: 7/15 MP: 1/8
   416 | D:1      | Learned a level 1 spell: Animate Skeleton
  1103 | D:2      | Reached XP level 3. HP: 15/19 MP: 3/10
  1188 | D:2      | Learned a level 3 spell: Vampiric Draining
  1192 | D:2      | Learned a level 3 spell: Regeneration
  1669 | D:2      | Noticed Terence
  1923 | D:2      | Reached XP level 4. HP: 16/24 MP: 3/12
  1955 | D:2      | Killed Terence
  2469 | D:3      | Noticed a water moccasin
  2475 | D:3      | Killed a water moccasin
  2475 | D:3      | Reached skill level 5 in Spellcasting
  2475 | D:3      | Reached XP level 5. HP: 8/28 MP: 2/15
  2732 | D:3      | Learned a level 4 spell: Animate Dead
  2838 | D:3      | Found an ancient bone altar of Kikubaaqudgha.
  2852 | D:3      | Became a worshipper of Kikubaaqudgha
  3261 | D:4      | Reached XP level 6. HP: 23/32 MP: 6/17
  3457 | D:4      | Learned a level 4 spell: Control Undead
  3556 | D:4      | Noticed Duvessa
  3557 | D:4      | Noticed Dowan
  3572 | D:4      | Slain by Duvessa

Vault maps used:
D:1:      dpeg_arrival_caged_fury
D:2:      hangedman_abyss_or_decor_lesser_grid, uniq_terence
D:3:      kiku_gazebo_pond_becter, first_bread
D:4:      kennysheep_mini_moat, serial_glass, glass_columns_b, glass_columns_c,
          uniq_duvessa

Skill      XL: |  1  2  3  4  5 |
---------------+----------------+-----
Necromancy     | 5 6 |  6.8
Spellcasting   | 4 5 6 |  6.5
Dodging        | |  2.5
Stealth        | |  2.7
Charms         | |  0.1

Action                   |  1- 3 |  4- 6 || total
-------------------------+-------+-------++-------
 Cast: Pain              |    66 |    74 ||   140
       Animate Skeleton  |     5 |     2 ||     7
       Vampiric Draining |     3 |     3 ||     6
       Regeneration      |     1 |     2 ||     3
  Use: Scroll            |       |     4 ||     4
  Eat: Chunk             |     3 |     5 ||     8
Armor: Robe              |     1 |     2 ||     3
Dodge: Dodged            |     4 |    15 ||    19
Block: Other             |       |     7 ||     7

Table legend:
 A = Spawn XP
 B = Non-spawn XP
 C = Spawn XP percentage of total XP
 D = Spawn monster count
 E = Non-spawn monster count
 F = Spawn count percentage of total count
 G = Total turns spent on level
                    A         B        C        D         E        F      G
               +---------+---------+-------+---------+---------+-------+---------
         Total |       0 |     412 |   0.0 |       0 |      67 |   0.0 |  3572
               +---------+---------+-------+---------+---------+-------+---------
           D:1 |       0 |      32 |   0.0 |       0 |      20 |   0.0 |  1030
           D:2 |       0 |     116 |   0.0 |       0 |      22 |   0.0 |  1599
           D:3 |       0 |     179 |   0.0 |       0 |      15 |   0.0 |   593
           D:4 |       0 |      85 |   0.0 |       0 |      10 |   0.0 |   350
               +---------+---------+-------+---------+---------+-------+---------
